 Dungeon Crawl Stone Soup version 0.32-a0-42-ga30500b4d3 (webtiles) character file.

Game seed: 12561223729151768621

1962 cforsyth the Trooper (level 9, -5/105 HPs)
             Began as a Djinni Reaver on Jan 27, 2024.
             Slain by a killer bee (7 damage)
             ... on level 6 of the Dungeon.
             The game lasted 00:19:11 (8455 turns).

cforsyth the Trooper (Djinni Reaver)                Turns: 8455, Time: 00:19:12

Health: -5/105     AC: 24    Str: 11    XL:     9   Next: 42%
Gold:   345        EV:  2    Int: 18    God:
                   SH:  0    Dex: 13

rFire   . . .        f - +2 long sword (protect)
rCold   . . .        (no shield)
rNeg    . . .        k - melded +0 pearl dragon scales
rPois   ∞            l - melded +0 helmet
rElec   .            (cloak currently unavailable)
rCorr   .            (gloves currently unavailable)
SInv    .            (boots unavailable)
Will    .....        (no amulet)
Stlth   +            (no ring)
HPRegen 0.37/turn    (no ring)
MPRegen 0.00/turn

%: infuse magic (-6 HP)
@: tree-form
A: stationary, stasis, torment immunity, boosted hp, sickness immunity, (fire
resistance 2), (cold vulnerability 1), float, innate caster, HP casting, extra
vitality 1
a: no special abilities


You were on level 6 of the Dungeon.
You were a tree.
You visited 1 branch of the dungeon, and saw 6 of its levels.

You collected 345 gold pieces.

Inventory:

Hand Weapons
 a - a +1 short sword
 f - a +2 long sword of protection (weapon)
Missiles
 h - a throwing net
Armour
 b - a +0 leather armour
 k - +0 pearl dragon scales (melded)
 l - a +0 helmet (melded)
Magical Staves
 i - a staff of air
Jewellery
 v - a +6 ring of intelligence
Wands
 p - a wand of paralysis (10)
 r - a wand of polymorph (11)
 s - a wand of light (11)
Scrolls
 e - 5 scrolls of fog {unknown}
 m - a scroll of identify
 n - a scroll of amnesia {unknown}
 o - a scroll of enchant armour {unknown}
 t - a scroll of teleportation
Potions
 j - a potion of attraction
 q - a potion of mutation {unknown}
 u - a potion of invisibility {unknown}


   Skills:
 + Level 7.8 Fighting
 - Level 2.6 Short Blades
 - Level 5.0 Armour
 - Level 2.1 Dodging
 + Level 6.4 Spellcasting
 + Level 6.4 Conjurations
 + Level 6.4 Hexes
 + Level 6.4 Summonings
 + Level 6.4 Necromancy
 + Level 6.4 Translocations
 + Level 6.4 Fire Magic
 + Level 6.4 Ice Magic
 + Level 6.4 Air Magic
 + Level 6.4 Earth Magic
 + Level 6.4 Alchemy


You knew the following spells:

 Your Spells              Type           Power      Damage    Failure   Level
a - Kiss of Death         Conj/Necr      100%       2d13      1%          1
b - Momentum Strike       Conj/Tloc      58%        3d9       1%          2
c - Hailstorm             Conj/Ice       29%        3d8       2%          3
d - Sandblast             Erth           58%        2d13      1%          1
e - Static Discharge      Conj/Air       58%        3-6/arc   1%          2
f - Volatile Blastmotes   Fire/Tloc      58%        2d14      2%          3
g - Confusing Touch       Hex            29%        N/A       2%          3
Your spell library was empty.

Dungeon Overview and Level Annotations

Branches:
Dungeon (6/15)
 Temple: D:4-7

Altars:
Hepliaklqana
Makhleb
Nemelex Xobeh
Okawaru
Uskayaw
The Shining One

Annotations:
D:6 3 runed translucent doors, jlumianski's ghost, novice GnSh


Innate Abilities, Weirdness & Mutations

You are a tree.
Your roots penetrate the ground, keeping you stationary.
You cannot be teleported.
You are immune to unholy pain and torment.
Your maximum health is greatly increased.
Your equipment is partially melded.
You are immune to sickness and miasma.
You are immune to poison.
((Your flesh is very heat resistant. (rF++)))
((You are vulnerable to cold. (rC-)))
You float through the air rather than walking.
You learn spells naturally, not from books.
Your magical power is your life essence.
You have superior vitality. (+4 MHP)


Message History

The killer bee stings you but does no damage. x5
You hit the killer bee but do no damage.
Your weapon exudes an aura of protection.
The killer bee stings you but does no damage. x4
You slash the killer bee!
The killer bee is moderately wounded.
The killer bee stings you but does no damage. x2
The killer bee barely misses you.
The killer bee stings you but does no damage. x3
You closely miss the killer bee.
The killer bee is moderately wounded.
The killer bee barely misses you.
The killer bee stings you but does no damage. x4
The killer bee barely misses you.
You miss the killer bee.
The killer bee is moderately wounded.
The killer bee stings you but does no damage. x2
The killer bee stings you.
* * * LOW HITPOINT WARNING * * *
The killer bee stings you.
* * * LOW HITPOINT WARNING * * *
You barely miss the killer bee.
The killer bee is moderately wounded.
The killer bee barely misses you.
The killer bee stings you but does no damage. x2
The killer bee barely misses you.
The killer bee stings you but does no damage. x2
You closely miss the killer bee.
The killer bee is moderately wounded.
The killer bee stings you but does no damage. x2
A water moccasin comes into view.
The killer bee stings you.
* * * LOW HITPOINT WARNING * * *
The killer bee stings you.
* * * LOW HITPOINT WARNING * * *
You closely miss the killer bee.
The killer bee is moderately wounded.
The killer bee stings you but does no damage. x2
The killer bee stings you!
You die...

#......##..#.......#..#
#.....# #..#......B#..#
#.....# #..#.##.##.#..#
#...o.# #..#.##.##.#..#
##..##o#
#.S#B##.##.#..#
#..###.#
#..#o.(W?..#..## #.##
#.###..#...W..[#...#
#########.#
#$##y..#########...#
........#.#
#)y♣...............#
)######...#
####...............#
###...#
#...........)...#
#...#.#
#################
#.###.# #....o# #.#
..#o.## ..# ..>. ###
#.#.#


You could see a water moccasin (wandering), a bombardier beetle and 2 killer
bees.

Vanquished Creatures
  A two-headed ogre (D:5)
  3 water moccasins
  A black bear (D:5)
  A centaur (D:6)
  A scorpion (D:6)
  2 killer bees (D:6)
  A howler monkey (D:5)
  A gnoll bouda (D:5)
  A hound (D:5)
  3 jellies
  5 orc priests
  A sleepcap (D:4)
  An iguana (D:5)
  An orc wizard (D:2)
  16 gnolls
  6 adders
  A shadow imp (D:6)
  4 dart slugs
  4 ribbon worms
  19 orcs
  5 endoplasms
  A giant cockroach (D:1)
  6 goblins
  10 hobgoblins
  2 quokkas
  2 ball pythons (D:3)
  8 bats
  3 frilled lizards
  8 kobolds
  10 rats
  A spectral orc (D:5)
129 creatures vanquished.

Notes
Turn   | Place    | Note
-------+----------+-------------------------------------------
     0 | D:1      | cforsyth the Djinni Reaver began the quest for the Orb.
     0 | D:1      | cforsyth set off with the following spells memorised: Kiss
                  | of Death, Momentum Strike, Hailstorm.
     0 | D:1      | Reached XP level 1. HP: 18/18 MP: 0/0
   135 | D:1      | Reached XP level 2. HP: 23/23 MP: 0/0
   901 | D:1      | Reached XP level 3. HP: 29/29 MP: 0/0
   901 | D:1      | Learned a level 1 spell: Sandblast
  1076 | D:2      | Reached skill level 3 in Fighting
  1359 | D:1      | Reached XP level 4. HP: 23/35 MP: 0/0
  1691 | D:2      | Reached skill level 1 in Armour
  2131 | D:1      | Reached XP level 5. HP: 20/40 MP: 0/0
  2131 | D:1      | Learned a level 2 spell: Static Discharge
  3094 | D:3      | Reached XP level 6. HP: 23/46 MP: 0/0
  3567 | D:3      | Reached skill level 4 in Fighting
  3955 | D:3      | Found an iron altar of Okawaru.
  5366 | D:4      | Noticed an ogre
  5549 | D:2      | Identified a scroll of acquirement
  5549 | D:2      | Acquired the +2 pair of gloves of Fun and Games {+Inv rC+
                  | Int+3 Dex-3}
  5876 | D:3      | Reached XP level 7. HP: 18/53 MP: 0/0
  5876 | D:3      | Learned a level 3 spell: Volatile Blastmotes
  6372 | D:4      | Found a sparkling altar of Nemelex Xobeh.
  6473 | D:5      | Entered Level 5 of the Dungeon
  6488 | D:5      | Found a burning altar of Makhleb.
  6766 | D:5      | Noticed a water moccasin
  6776 | D:4      | Killed a water moccasin
  6777 | D:4      | Reached skill level 5 in Fighting
  6875 | D:5      | Noticed a two-headed ogre
  6891 | D:5      | Killed a two-headed ogre
  6892 | D:5      | Reached skill level 6 in Fighting
  6892 | D:5      | Reached skill level 5 in Armour
  6892 | D:5      | Reached skill level 5 in Spellcasting
  6892 | D:5      | Reached skill level 5 in Conjurations
  6892 | D:5      | Reached skill level 5 in Hexes
  6892 | D:5      | Reached skill level 5 in Summonings
  6892 | D:5      | Reached skill level 5 in Necromancy
  6892 | D:5      | Reached skill level 5 in Translocations
  6892 | D:5      | Reached skill level 5 in Fire Magic
  6892 | D:5      | Reached skill level 5 in Ice Magic
  6892 | D:5      | Reached skill level 5 in Air Magic
  6892 | D:5      | Reached skill level 5 in Earth Magic
  6892 | D:5      | Reached skill level 5 in Alchemy
  6892 | D:5      | Reached XP level 8. HP: 7/62 MP: 0/0
  7134 | D:5      | Found a hide-covered altar of Uskayaw.
  7186 | D:5      | Found a hazy altar of Hepliaklqana.
  7389 | D:5      | Reached XP level 9. HP: 59/67 MP: 0/0
  7389 | D:5      | Learned a level 3 spell: Confusing Touch
  7486 | D:5      | Found a glowing golden altar of the Shining One.
  7534 | D:5      | Reached skill level 7 in Fighting
  8245 | D:6      | Found a runed translucent gate.
  8247 | D:6      | Found a runed translucent gate.
  8247 | D:6      | Found a runed translucent gate.
  8248 | D:6      | Noticed jlumianski's ghost (novice GnSh)
  8454 | D:6      | HP: 1/105 [killer bee (6)]
  8455 | D:6      | Slain by a killer bee

Illustrated notes

Levels and vault maps discovered:
D:1:      scummos_arrival_simple_crosswalls, layout_basic
D:2:      layout_rooms
D:3:      layout_basic, okawaru_altar_gauntlet_db, grunt_ministairs_9,
          minmay_door_square, dk_noncrumbling_2,
          nicolae_concentric_dashed_squares_wild, minivault_23,
          kennysheep_generic_room_5
D:4:      layout_rooms, mainiacjoe_overflow_tiny_flanked
D:5:      layout_basic, lemuel_doored_altar, mainiacjoe_overflow_alcove_4,
          nicolae_hepliaklqana_monster_ancestors, bloody_makhleb,
          nicolae_uskayaw_suspiria
D:6:      layout_basic, gammafunk_ghost_split, nicolae_eternal_life,
          uniq_menkaure

Skill      XL: |  1  2  3  4  5  6  7  8  9 |
---------------+----------------------------+-----
Spellcasting   | 3 4 5 6 |  6.4
Conjurations   | 3 4 5 6 |  6.4
Hexes          | 3 4 5 6 |  6.4
Summonings     | 3 4 5 6 |  6.4
Necromancy     | 3 4 5 6 |  6.4
Translocations | 3 4 5 6 |  6.4
Fire Magic     | 3 4 5 6 |  6.4
Ice Magic      | 3 4 5 6 |  6.4
Air Magic      | 3 4 5 6 |  6.4
Earth Magic    | 3 4 5 6 |  6.4
Alchemy        | 3 4 5 6 |  6.4
Fighting       | 3 4 6 7 |  7.8
Armour         | 1 2 3 5 |  5.0
Short Blades   | |  2.6
Dodging        | |  2.1

Action                     |  1- 3 |  4- 6 |  7- 9 || total
---------------------------+-------+-------+-------++-------
  Melee: Short sword       |    66 |   215 |     3 ||   284
         Staff             |    36 |   190 |       ||   226
         Punch             |     1 |     8 |     1 ||    10
         Long sword        |       |       |   216 ||   216
   Cast: Sandblast         |    13 |       |       ||    13
         Kiss of Death     |       |     1 |     5 ||     6
         Momentum Strike   |       |     3 |     8 ||    11
         Hailstorm         |       |       |     7 ||     7
    Use: Scroll            |     3 |     5 |       ||     8
         Potion            |       |     4 |     7 ||    11
   Stab: Distracted        |       |       |     1 ||     1
 Armour: Leather armour    |    58 |       |       ||    58
         Pearl dragon scal |    40 |   347 |   169 ||   556
         Skin              |       |       |   143 ||   143
  Dodge: Dodged            |    60 |   178 |   110 ||   348

Table legend: (Time is in decaauts)
 A = Elapsed time spent in this place.
 B = Non-inter-level travel time spent in this place.
 C = Inter-level travel time spent in this place.
 D = Time resting spent in this place.
 E = Time spent auto-exploring this place.
 F = Levels seen in this place.
 G = Mean time per level.
                   A        B        C        D        E       F      G
               +--------+--------+--------+--------+--------+-----+--------+
         Total |   8566 |   8389 |    177 |   2589 |   3864 |   6 | 1427.7 |
       Dungeon |   8566 |   8389 |    177 |   2589 |   3864 |   6 | 1427.7 |
               +--------+--------+--------+--------+--------+-----+--------+

Top non-repeatable levels by time:
     D:3: 2184 daAuts
     D:2: 2117 daAuts
     D:1: 1644 daAuts
     D:5: 1381 daAuts
     D:4: 786 daAuts
     D:6: 451 daAuts
